 Dungeon Crawl Stone Soup version 0.20-a0-830-g2c9a30d (webtiles) character file.

89 M4edhros the Sneak (level 4, -1/28 HPs)
             Began as an Octopode Artificer on Mar 7, 2017.
             Slain by M4edhros's ghost (11 damage)
             ... on level 4 of the Dungeon.
             The game lasted 00:01:14 (667 turns).

M4edhros the Sneak (Octopode Artificer)              Turns: 667, Time: 00:01:14

Health: -1/28      AC:  1    Str: 11    XL:     4   Next: 55%
Magic:  6/6        EV: 10    Int: 13    God:    Xom [*.....]
Gold:   47         SH:  6    Dex: 13    Spells: 3/3 levels left

rFire    . . .     SeeInvis .   j - +1 whip (venom)
rCold    . . .     Gourm    .   m - +0 shield
rNeg     . . .     Faith    .   (helmet restricted)
rPois    .         Spirit   .   (no amulet)
rElec    .         Reflect  .   (no ring)
rCorr    .         Harm     .   (no ring)
MR       .....                  (no ring)
Stlth    ++++......             (no ring)
Regen    0.1/turn               (no ring)
MPRegen  0.1/turn               (no ring)
                                (no ring)
                                (no ring)

@: no status effects
A: almost no armour, stealthy swim, amphibious, 8 rings, constrict 8, camouflage
1, gelatinous body 1
a: Renounce Religion


You were on level 4 of the Dungeon.
You worshipped Xom.
You were a special plaything of Xom.
You were not hungry.

You visited 1 branch of the dungeon, and saw 4 of its levels.

You collected 47 gold pieces.

Inventory:

Hand Weapons
 a - a +0 short sword
 j - a +1 whip of venom (weapon)
Armour
 m - a +0 shield (worn)
Wands
 b - a wand of flame (3/48)
 c - a wand of enslavement (15/24)
 d - a wand of random effects (15/48)
 k - a wand of random effects (28/48)
Scrolls
 e - a scroll of identify {unknown}
 i - a scroll of fear {unknown}
 l - a scroll of recharging {unknown}
 n - a scroll of remove curse {unknown}
Comestibles
 f - 3 bread rations
 g - 3 meat rations
 h - a royal jelly
 o - a chunk of flesh


   Skills:
 - Level 1.0 Fighting
 - Level 1.0 Short Blades
 - Level 2.0 Dodging
 + Level 6.1 Stealth
 - Level 3.2 Evocations


You had 3 spell levels left.
You didn't know any spells.

Dungeon Overview and Level Annotations

Branches:
Dungeon (4/15)
 Temple: D:4-7

Altars:
Trog
Xom

Annotations:
D:4 M4edhros's ghost, amateur OpFi


Innate Abilities, Weirdness & Mutations

You cannot wear most types of armour.
You are very stealthy in the water. (Stealth+)
You are amphibious.
You can wear up to eight rings at the same time.
You can use your tentacles to constrict eight enemies at once.
Your skin changes colour to match your surroundings (Stealth+).
Your rubbery body absorbs attacks. (AC +1, EV +1)


Message History

Aiming: Throw Flame
Press: ? - help, Shift-Dir - straight line, f/p - M4edhros's ghost
Aim: M4edhros's ghost (seething chaos, heavily damaged, slow)
The puff of flame hits M4edhros's ghost.
M4edhros's ghost resists.
M4edhros's ghost is heavily damaged.
This wand has 4 charges left.
Evoke which item? (* to show all) (? for menu, Esc to quit)
Aiming: Throw Flame
Press: ? - help, Shift-Dir - straight line, f/p - M4edhros's ghost
Aim: M4edhros's ghost (seething chaos, heavily damaged, slow)
The puff of flame misses M4edhros's ghost.
The puff of flame hits the gnoll shaman.
The gnoll shaman is moderately wounded.
This wand has 3 charges left.
M4edhros's ghost is engulfed in seething chaos.
M4edhros's ghost flickers and vanishes!
Deactivating autopickup; reactivate with Ctrl-A.
Something hits you!
You die...

###.. #.... #...#
#..?# ....# #...#
#....#
#.###...###....#
#.......§g#....#
#####...#{#....#
).g.....#@#....#
#######........#
##+##### #......###
#......b #......#
#....... #......#
#....b.(
#.....)######.......
#.....))(....._..###
#.....)######....#
#......# ######


You could see a gnoll shaman.

Vanquished Creatures
  A hound (D:4)
  Jessica (D:2)
  An adder (D:3)
  5 orcs (D:4)
  3 goblins
  2 hobgoblins (D:1)
  2 jackals (D:1)
  3 bats
  3 frilled lizards
  A rat (D:1)
22 creatures vanquished.

Notes
Turn   | Place    | Note
-------+----------+-------------------------------------------
     0 | D:1      | M4edhros the Octopode Artificer began the quest for the Orb.
     0 | D:1      | Reached XP level 1. HP: 13/13 MP: 3/3
    55 | D:1      | Reached skill level 2 in Stealth
   267 | D:1      | Reached skill level 3 in Stealth
   267 | D:1      | Reached XP level 2. HP: 14/18 MP: 4/4
   328 | D:2      | Noticed Jessica
   338 | D:2      | Killed Jessica
   338 | D:2      | Reached skill level 4 in Stealth
   338 | D:2      | Reached XP level 3. HP: 19/23 MP: 5/5
   392 | D:2      | You fall through a shaft!
   418 | D:3      | Found a bloodstained altar of Trog.
   446 | D:3      | Reached skill level 5 in Stealth
   552 | D:3      | Noticed a phantom
   596 | D:4      | Found a shimmering altar of Xom.
   597 | D:4      | Reached XP level 4. HP: 17/28 MP: 6/6
   603 | D:4      | Reached skill level 6 in Stealth
   623 | D:4      | Became a worshipper of Xom of Malevolent Giggling
   653 | D:4      | Noticed M4edhros's ghost (amateur OpFi)
   656 | D:4      | XOM: potion effect (curing)
   659 | D:4      | XOM: chaos cloud
   667 | D:4      | Slain by M4edhros's ghost

Vault maps used:
D:1:      mrwooster_arrival_arrow
D:2:      minmay_misc_feat_doors, uniq_jessica, uniq_terence
D:3:      lemuel_crystal_altar, trog_three_pillars_becter
D:4:      xom_butterflies, minmay_temple_entry_mist, corexii_corridor_pit

Skill      XL: |  1  2  3  4 |
---------------+-------------+-----
Stealth        | 3 4 5 6 |  6.1
Fighting       | |  1.0
Short Blades   | |  1.0
Dodging        | |  2.0
Evocations     | |  3.2

Action                   |  1- 3 |  4- 6 || total
-------------------------+-------+-------++-------
Melee: Short sword       |    19 |       ||    19
       Tentacles         |    11 |       ||    11
       Constrict         |    12 |     4 ||    16
       Whip              |    18 |    10 ||    28
Evoke: Wand              |       |    12 ||    12
  Use: Potion            |       |     2 ||     2
 Stab: Sleeping          |     2 |       ||     2
       Distracted        |     1 |       ||     1
Armor: Skin              |     4 |       ||     4
Dodge: Dodged            |    28 |     4 ||    32
Block: Shield            |     2 |    10 ||    12
